 Dungeon Crawl Stone Soup version 0.30-a0-377-g5cb311bc9f (webtiles) character file.

Game seed: 14979724153291507005

9 MackTheKnife the Chopper (level 2, -1/39 HPs)
             Began as a Meteoran Berserker on Nov 29, 2022.
             Was a Follower of Trog.
             Slain by a hobgoblin (4 damage)
             ... on level 1 of the Dungeon.
             The game lasted 00:00:30 (178 turns).

MackTheKnife the Chopper (Meteoran Berserker)        Turns: 178, Time: 00:00:31

Health: -1/39      AC:  2    Str: 18    XL:     2   Next: 35%
Magic:  3/3        EV: 12    Int:  8    God:    Trog [*.....]
Gold:   0          SH:  0    Dex: 13    Spells: 1/1 levels left

rFire   . . .      SeeInvis .    a - +0 hand axe {axe}
rCold   . . .      Faith    .    (no shield)
rNeg    . . .      Spirit   .    b - +0 animal skin
rPois   .          Reflect  .    (no helmet)
rElec   .          Harm     .    (no cloak)
rCorr   .          Rampage  .    (no gloves)
Will    .....                    (no boots)
Stlth   ..........               (no amulet)
HPRegen 0.26/turn                (no ring)
MPRegen 0.08/turn                (no ring)

@: berserking, glowing, very quick
A: sense surroundings 1, otherworldly, glowing, explore regen
a: Renounce Religion, Berserk


You were on level 1 of the Dungeon.
You worshipped Trog.
Trog was aware of your devotion.
You visited 1 branch of the dungeon, and saw 1 of its levels.


Innate Abilities, Weirdness & Mutations

You passively map a small area around you.
You are easily found by Zot.
You glow in the dark.
You regain HP and MP as you explore.


   Skills:
 - Level 3.2 Fighting
 + Level 4.4 Axes
 - Level 2.4 Armour
 - Level 2.4 Dodging


You had one spell level left.
You didn't know any spells.
Your spell library was empty.

Inventory:

Hand Weapons
 a - a +0 hand axe (weapon) {axe}
Armour
 b - a +0 animal skin (worn)
Scrolls
 c - a scroll of enchant armour {unknown}
 d - 2 scrolls of identify {unknown}

Dungeon Overview and Level Annotations

Branches:
Dungeon (1/15) Zot: 418

Altars:

, ,.... +.........).
#... ,, #..#.....#.. .
*...###* #.##.#.#.#.##
..#,
...###.##.♣.###.♣.# ..
#.##.####.#.#.#.##
#.##...†#.#.###.#.### ,
* #.rg..#)8.###.⌠.###.
*,#[##g#..#.###.#.###.#
, * * ..,
#@##.####.###.#.## .
*#...###.##.8.###.⌠.# *
##### *#.##.#.###.## *
* **#..#.....#.. , , ,
##...##..... , *
##..##..... , ,
#.....#### , * #..#####
,, *#.#


You could see a gnoll, a hobgoblin and a rat.


Message History

You have reached level 2! 😨 HP[+3] MP[+1]
You now have 26 max hp (+7).
You regained 3 hp, and now have 10/26 hp.
Your mp is fully restored (3). 😨 HP[+2]
You regained 2 hp, and now have 12/26 hp. 😮 HP[+2]
You regained 2 hp, and now have 14/26 hp. 😮 HP[+2]
You regained 2 hp, and now have 16/26 hp. 😮 HP[+1] 😮 HP[+2]
You regained 2 hp, and now have 19/26 hp. 😕 HP[+1]
There is a fountain of clear blue water here.
There is a fountain of clear blue water here.
Things that are here:
a +0 dagger {short}; a goblin corpse
There is a stone staircase leading down here.
Things that are here:
a +0 club {mace}; a goblin corpse An endoplasm comes into view.
The endoplasm quivers. 😎 HP[+6]
Your hp is fully restored (26).
An endoplasm is nearby!
The endoplasm freezes you.
You are frozen.
You see here a +0 club {mace}. 😕 HP[-2]
You take 2 damage, and now have 24/26 hp.
You hit the endoplasm.
You kill the endoplasm!
Trog accepts your kill.
A rat comes into view.
You barely miss the rat. The rat bites you.
You barely miss the rat. The rat bites you but does no damage.
A rat is nearby!
You hit the rat but do no damage. The rat bites you. 😕 HP[-1]
You take 1 damage, and now have 23/26 hp.
You hit the rat but do no damage. The rat bites you. 😕 HP[-2]
You take 2 damage, and now have 21/26 hp.
You barely miss the rat. The rat barely misses you. x2 😕 HP[+1]
You closely miss the rat. The rat barely misses you.
Okay, then.
You hit the rat. The rat bites you. 😕 HP[-1]
You take 1 damage, and now have 21/26 hp.
You hit the rat.
You kill the rat!
Trog accepts your kill.
An endoplasm comes into view.
The endoplasm quivers.
You see here a rat corpse. 😕 HP[+2]
You regained 2 hp, and now have 23/26 hp. 😕 HP[+1]
A hobgoblin comes into view.
The hobgoblin shouts!
The endoplasm closely misses you. 😕 HP[+1]
You hit the endoplasm.
The endoplasm hits you but does no damage.
A rat comes into view.
You barely miss the endoplasm. The endoplasm freezes you.
You are frozen. 😕 HP[-3]
You take 3 damage, and now have 22/26 hp.
You hit the endoplasm.
You kill the endoplasm!
Trog accepts your kill.
A gnoll comes into view. It is wielding a +0 club.
The gnoll shouts!
The hobgoblin hits you. 😮 HP[-3]
You take 3 damage, and now have 19/26 hp.
You barely miss the hobgoblin. You closely miss the gnoll.
The hobgoblin hits you. The gnoll hits you with a +0 club!
* * * LOW HITPOINT WARNING * * *
😨 HP[-10]
You take 10 damage, and now have 9/26 hp.
MASSIVE DAMAGE!! (PAUSE)
The gnoll hits you with a +0 club.
* * * LOW HITPOINT WARNING * * *
The hobgoblin attacks as you move away! The hobgoblin hits you.
* * * LOW HITPOINT WARNING * * *
😱 HP[-4]
You take 4 damage, and now have 5/26 hp.
A red film seems to cover your vision as you go berserk!
You feel yourself moving faster!
You feel mighty! The hobgoblin hits you.
* * * LOW HITPOINT WARNING * * *
😱 HP[-2]
You now have 39 max hp (+13).
You barely miss the hobgoblin. The hobgoblin hits you.
You die...

Skill      XL: |  1 |
---------------+----+-----
Axes           | 4 |  4.4
Fighting       | |  3.2
Armour         | |  2.4
Dodging        | |  2.4

Action                   || total
-------------------------++-------
Melee: Hand axe          ||    27
Invok: Berserk           ||     1
Armor: Animal skin       ||     3
Dodge: Dodged            ||    10

Levels and vault maps discovered:
D:1:      evilmike_arrival_crescent, layout_basic, serial_shops,
          nicolae_shop_trees, nicolae_shop_window_shopping,
          nicolae_shop_waterfront, nicolae_lakefront_shop,
          grunt_decor_mini_mirrors, minmay_tall_x

Notes
Turn   | Place    | Note
-------+----------+-------------------------------------------
     0 | D:1      | MackTheKnife the Meteoran Berserker began the quest for the
                  | Orb.
     0 | D:1      | Reached XP level 1. HP: 19/19 MP: 2/2
     0 | D:1      | magus.rc [v1.9.6]
    57 | D:1      | Reached skill level 4 in Axes
    68 | D:1      | Reached XP level 2. HP: 10/26 MP: 3/3
   176 | D:1      | HP: 5/26 [hobgoblin (4)]
   178 | D:1      | Slain by a hobgoblin

Vanquished Creatures
  3 endoplasms (D:1)
  2 goblins (D:1)
  A hobgoblin (D:1)
  A rat (D:1)
7 creatures vanquished.

Table legend:
 A = Non-vault XP
 B = Vault XP
 C = Vault XP percentage of total XP
 D = Non-vault monster count
 E = Vault monster count
 F = Vault count percentage of total count
                 A         B        C        D         E       F
            +---------+---------+-------+---------+---------+-------
      Total |      11 |       2 |  15.4 |       6 |       1 |  14.3
            +---------+---------+-------+---------+---------+-------
        D:1 |      11 |       2 |  15.4 |       6 |       1 |  14.3
            +---------+---------+-------+---------+---------+-------

Illustrated notes

Table legend:
 A = Kills in this place as a percentage of kills in entire the game.
 B = Kills by you in this place as a percentage of kills by you in the entire game.
 C = Kills by friends in this place as a percentage of kills by friends in the entire game.
 D = Other kills in this place as a percentage of other kills in the entire game.
 E = Experience gained in this place as a percentage of experience gained in the entire game.
 F = Experience gained in this place divided by the number of levels of this place that you have seen.
                   A       B       C       D       E      F
               +-------+-------+-------+-------+-------+----------------------
         Total | 100.0 | 100.0 |   N/A |   N/A | 100.0 |  13.0
       Dungeon | 100.0 | 100.0 |   N/A |   N/A | 100.0 |  13.0
               +-------+-------+-------+-------+-------+----------------------

Table legend: (Time is in decaauts)
 A = Elapsed time spent in this place.
 B = Non-inter-level travel time spent in this place.
 C = Inter-level travel time spent in this place.
 D = Time resting spent in this place.
 E = Time spent auto-exploring this place.
 F = Levels seen in this place.
 G = Mean time per level.
                   A        B        C        D        E       F      G
               +--------+--------+--------+--------+--------+-----+--------+
         Total |    180 |    180 |      0 |      0 |     99 |   1 |  180.0 |
       Dungeon |    180 |    180 |      0 |      0 |     99 |   1 |  180.0 |
               +--------+--------+--------+--------+--------+-----+--------+

Top non-repeatable levels by time:
     D:1: 180 daAuts
